 Dungeon Crawl Stone Soup version 0.29.1-12-g30fa7ad0bf (webtiles) character file.

Game seed: 718332766277772549

62 venomsnake the Conjurer (level 3, -3/19 HPs)
             Began as a Deep Elf Conjurer on Dec 27, 2022.
             Was an Initiate of Vehumet.
             Slain by Pargi (4 damage)
             ... on level 3 of the Dungeon.
             The game lasted 00:05:46 (2554 turns).

venomsnake the Conjurer (Deep Elf Conjurer)         Turns: 2554, Time: 00:05:46

Health: -3/19      AC:  2    Str:  4    XL:     3   Next: 85%
Magic:  1/10       EV: 12    Int: 24    God:    Vehumet [......]
Gold:   115        SH:  0    Dex: 13    Spells: 7/10 levels left

rFire   . . .      SeeInvis .   i - +0 dagger (protect)
rCold   . . .      Faith    .   (no shield)
rNeg    . . .      Spirit   .   a - +0 robe
rPois   .          Reflect  .   (no helmet)
rElec   .          Harm     .   (no cloak)
rCorr   .          Rampage  .   (no gloves)
Will    .....                   (no boots)
Stlth   ++........              (no amulet)
HPRegen 0.06/turn               (no ring)
MPRegen 0.12/turn               (no ring)

@: no status effects
A: no striking features
a: Renounce Religion


You were on level 3 of the Dungeon.
You worshipped Vehumet.
Vehumet was noncommittal.
You visited 1 branch of the dungeon, and saw 3 of its levels.

You collected 115 gold pieces.

Inventory:

Hand Weapons
 i - a +0 dagger of protection (weapon)
Armour
 a - a +0 robe (worn)
Scrolls
 c - a scroll of fear {unknown}
 e - a scroll of blinking {unknown}
 g - 3 scrolls of magic mapping {unknown}
 h - a scroll of enchant weapon {unknown}
 k - 2 scrolls of torment {unknown}
 l - a scroll of butterflies {unknown}
 m - a scroll of teleportation {unknown}
Potions
 b - a potion of magic
 d - a potion of cancellation {unknown}
 f - 4 potions of curing {unknown}
 j - a potion of might {unknown}
 n - a potion of mutation {unknown}
 o - a potion of ambrosia {unknown}


   Skills:
 - Level 2.4 Dodging
 - Level 2.4 Stealth
 + Level 4.1 Spellcasting
 + Level 5.0 Conjurations
 + Level 2.0 Translocations


You had 7 spell levels left.
You knew the following spells:

 Your Spells              Type           Power      Damage    Failure   Level
a - Magic Dart            Conj           100%       1d8       1%          1
b - Searing Ray           Conj           58%        2d6       1%          2

Your spell library contained the following spells:

 Spells                   Type           Power      Damage    Failure   Level
 Summon Small Mammal      Summ           16%        N/A       10%         1
 Dazzling Flash           Conj/Hex       34%        N/A       11%         3
 Scorch                   Fire           8%         2d5       14%         2
 Iskenderun's Mystic Bla  Conj/Tloc      22%        2d6       22%         4
 Call Canine Familiar     Summ           4%         N/A       28%         3
 Summon Guardian Golem    Hex/Summ       4%         N/A       28%         3
 Flame Wave               Conj/Fire      17%        2d7       34%         4
 Fulminant Prism          Conj/Hex       8%         3d7       34%         4
 Summon Cactus Giant      Summ           2%         N/A       100%        6


Dungeon Overview and Level Annotations

Branches:
Dungeon (3/15)

Altars:
Cheibriados
Elyvilon
Qazlal
Ru
Trog
Vehumet
Zin

Annotations:
D:3 1 runed translucent door, Crazy Yiuf, Pargi


Message History

Press: ? - help, Shift-Dir - straight line, f/p - Pargi
Aim: Pargi (heavily wounded, 74% to hit)
The searing ray hits Pargi.
Pargi is heavily wounded. (Press . to maintain the ray.) Pargi bites you but does no damage.
Pargi completely misses you. Pargi claws you.
Casting: Searing Ray (safe; 1% risk of failure)
Confirm with . or Enter, or press ? or * to list all spells.
You don't have enough magic to cast this spell.
Unknown command.
Casting: Searing Ray (safe; 1% risk of failure)
Confirm with . or Enter, or press ? or * to list all spells.
You don't have enough magic to cast this spell.
Unknown command.
Pargi attacks as you move away! Pargi bites you. Pargi barely misses you.
Pargi claws you. Pargi bites you but does no damage. Pargi closely misses you.
Pargi claws you but does no damage.
There is a stone staircase leading down here.
You hear the brisk rusting of a very distant drain.
Pargi attacks as you move away! Pargi barely misses you.
Pargi claws you but does no damage. x2
Pargi attacks as you move away! Pargi closely misses you.
Pargi barely misses you. Pargi claws you.
Your magical contamination has completely faded away.
Casting: Searing Ray (safe; 1% risk of failure)
Confirm with . or Enter, or press ? or * to list all spells.
Aiming: Magic Dart (safe; 1% risk of failure)
Press: ? - help, Shift-Dir - straight line, f/p - Pargi
Aim: Pargi (moderately wounded, 100% to hit)
The magic dart hits Pargi!
Pargi is heavily wounded.
Pargi barely misses you. Pargi claws you. x2
* * * LOW HITPOINT WARNING * * *
There is an escape hatch in the ceiling here.
Pargi attacks as you move away! Pargi barely misses you. Pargi claws you.
* * * LOW HITPOINT WARNING * * *
Pargi claws you.
You die...

#######......#####>..†)#
##...............#
#####.#####....## #.# #.##.#
#######.# #.##.# ###.......##
#.##.#### #..._......##
#<##....#####
##._..._.....###.#####.#...####
#.............@T.# #....#...[.
#....8.._....##### #.##...###.
#...........## #.###(## #.
##._.†._.#.## #.# #.# #.
#..._...#.# ##### #.# #.# #.
######...#.#.# #...###.###.# #.
#............####.#.........#
#.
#.#####.............###.#####
#. #.# #.##.#####.#.## #.# #.


You could see Pargi.

Vanquished Creatures
  A worm (D:2)
  2 dart slugs (D:2)
  An orc (D:3)
  4 endoplasms
  4 giant cockroaches
  9 goblins
  2 hobgoblins
  2 jackals (D:1)
  3 quokkas
  3 ball pythons (D:1)
  6 bats
  3 frilled lizards
  3 kobolds
  4 rats
47 creatures vanquished.

Notes
Turn   | Place    | Note
-------+----------+-------------------------------------------
     0 | D:1      | venomsnake the Deep Elf Conjurer began the quest for the
                  | Orb.
     0 | D:1      | Reached XP level 1. HP: 10/10 MP: 6/6
   107 | D:1      | Reached XP level 2. HP: 15/15 MP: 1/8
   171 | D:1      | Learned a level 2 spell: Searing Ray
   179 | D:1      | Reached skill level 1 in Translocations
   362 | D:1      | Found a faded altar of an unknown god.
   859 | D:1      | Reached XP level 3. HP: 19/19 MP: 5/10
  2144 | D:3      | Reached skill level 5 in Conjurations
  2239 | D:3      | Noticed Pargi
  2301 | D:3      | Found a sacrificial altar of Ru.
  2302 | D:3      | Found a stormy altar of Qazlal.
  2302 | D:3      | Found a white marble altar of Elyvilon.
  2303 | D:3      | Found a bloodstained altar of Trog.
  2332 | D:3      | Found a snail-covered altar of Cheibriados.
  2332 | D:3      | Found a radiant altar of Vehumet.
  2333 | D:3      | Found a glowing silver altar of Zin.
  2360 | D:3      | Became a worshipper of Vehumet
  2440 | D:3      | Found a runed translucent door.
  2441 | D:3      | Noticed Crazy Yiuf
  2554 | D:3      | Slain by Pargi

Illustrated notes

Levels and vault maps discovered:
D:1:      shiori_arrival_oz, layout_basic,
          hellmonk_ecumenical_altar_inner_sanctum
D:2:      layout_loops_corners, chequers_serial_rivers_marsh
D:3:      layout_loops_ring, grunt_temple_overflow_open, gup_sewer_entry_bowl,
          uniq_terence, uniq_crazy_yiuf_cottage, uniq_pargi, uniq_ijyb

Skill      XL: |  1  2  3 |
---------------+----------+-----
Translocations | 1 2 |  2.0
Spellcasting   | 4 |  4.1
Conjurations   | 5 |  5.0
Dodging        | |  2.4
Stealth        | |  2.4

Action                   || total
-------------------------++-------
 Cast: Magic Dart        ||    93
       Searing Ray       ||     6
Armor: Robe              ||     6
Dodge: Dodged            ||    11
